 Dungeon Sprint DCSS version 0.19-a0-1882-gbb73ea0 (webtiles) character file.

7458 poirepourri the Earth Mage (level 11, -1/57 HPs)
             Began as a Gargoyle Earth Elementalist on Oct 14, 2016.
             Was the Champion of Vehumet.
             Killed from afar by a gargoyle (19 damage)
             ... with a stone arrow
             ... in the Dungeon (Sprint I: "Red Sonja").
             The game lasted 00:06:38 (2377 turns).

poirepourri the Earth Mage (GrEE)                   Turns: 2377, Time: 00:06:40

Health: -1/57      AC: 14    Str: 13    XL:     11   Next: 15%
Magic:  13/41      EV: 12    Int: 20    God:    Vehumet [******]
Gold:   715        SH:  0    Dex: 10    Spells: 6 memorised, 29 levels left

rFire  . . .     SeeInvis .     a - staff of wizardry
rCold  . . .     Gourm    .     q - +2 robe of Lilacs {Int+2}
rNeg   + . .     Faith    .     (no shield)
rPois  ∞         Spirit   .     (no helmet)
rElec  +         Dismiss  .     (no cloak)
rCorr  .         Reflect  .     (no gloves)
MR     .....     Harm     .     p - +0 pair of boots
Stlth  ++........ NoTele   +    (no amulet)
                                (no ring)
                                m - ring of magical power

@: very slightly contaminated
A: yellow scales 1, negative energy resistance 1, electricity resistance, wild
magic 1, unbreathing, petrification resistance, rot immunity, AC +7
a: Renounce Religion


You were in the Dungeon.
You worshipped Vehumet.
Vehumet was exalted by your worship.
You were not hungry.

You visited 1 branch You collected 2107 gold pieces.
You spent 1392 gold pieces at shops.

Inventory:

Hand Weapons
 r - a +1 dagger of venom
Missiles
 s - 29 stones (quivered)
Armour
 c - a +0 robe
 p - a +0 pair of boots (worn)
 q - the +2 robe of Lilacs (worn) {Int+2}
   (You bought it in a shop in the Dungeon)

   It affects your intelligence (+2).
Magical Staves
 a - an uncursed staff of wizardry (weapon)
Jewellery
 m - a ring of magical power (left hand)
Scrolls
 d - a scroll of remove curse
Potions
 e - 3 potions of curing
 f - a potion of heal wounds
 g - a potion of haste
 h - a potion of magic
 i - a potion of berserk rage
 l - a potion of flight
 o - 2 potions of lignification
 t - a potion of resistance
Books
 k - a book of Geomancy

   Spells                             Type                      Level
   a - Sandblast                      Earth                        1
   b - Passwall                       Transmutation/Earth          2
   c - Stone Arrow                    Conjuration/Earth            3
   d - Petrify                        Transmutation/Earth          4
   e - Lee's Rapid Deconstruction     Earth                        5
Comestibles
 b - a slice of pizza
 n - 2 meat rations


   Skills:
 + Level 1.9 Fighting
 + Level 2.1 Dodging
 - Level 2.1 Stealth
 * Level 17.7 Spellcasting
 + Level 5.6 Conjurations
 + Level 1.3 Transmutations
 + Level 18.0 Earth Magic


You had 29 spell levels left.
You knew the following spells:

 Your Spells              Type           Power        Failure   Level  Hunger
a - Sandblast             Erth           ######       1%          1    None
b - Passwall              Tmut/Erth      ######....   1%          2    None
c - Stone Arrow           Conj/Erth      ######       1%          3    None
d - Petrify               Tmut/Erth      ######..     1%          4    None
e - Lee's Rapid Deconstr  Erth           #######...   1%          5    ##.....
f - Sting                 Conj/Pois      ####         1%          1    None


Dungeon Overview and Level Annotations

Branches:
Dungeon (1/1)

Altars:
Cheibriados
Dithmenos
Elyvilon
Fedhas
Gozag
Hepliaklqana
Kikubaaqudgha
Makhleb
Nemelex Xobeh
Okawaru
Qazlal
Ru
Sif Muna
Trog
Uskayaw
Vehumet
Xom
Yredelemnul
Zin
The Shining One
Jiyva
Lugonu

Shops:
D ([((}%?!::%:[}([!


Innate Abilities, Weirdness & Mutations

You are resistant to torment.
Your stone body is resilient. (AC +7)
You are immune to poison.
You resist negative energy. (rN+)
You are resistant to electric shocks. (rElec)
You can survive without breathing.
You are immune to petrification.
You are immune to rotting.
You are partially covered in yellow scales. (AC +2)
Your spells are a little harder to cast, but a little more powerful.


Message History

Aiming: Stone Arrow
Press: ? - help, Shift-Dir - straight line, f/p - demonic crawler
Aim: a demonic crawler (heavily wounded, clinging)
The stone arrow hits the demonic crawler.
The demonic crawler is almost dead.
The demonic crawler barely misses you.
The demonic crawler hits you but does no damage. x2
Casting: Stone Arrow
Confirm with . or Enter, or press ? or * to list all spells.
Aiming: Stone Arrow
Press: ? - help, Shift-Dir - straight line, f/p - demonic crawler
Aim: a demonic crawler (severely wounded, clinging)
The stone arrow hits the demonic crawler.
You kill the demonic crawler!
Vehumet accepts your kill.
You feel your power returning.
Your Earth Magic skill increases to level 18!
The gargoyle hurls a stone arrow at you.
The stone arrow hits you!
You die...

###
######################.##
<.#..)..#.)'..#__#..†)).#
..)..#..'..#..'^.†9.#...#
..#####'#####'#_@####...'..#
..####..#...#.####..####...+
..#__####..##.#≈§≈§§#..##+##
..#_____##'#).'§≈§§.§§.#
⌠⌠#_.∩...'.(._#≈§§§.#..#
.##_..__##_(#'##.#####'###
..#_____###'#.#.).[###.'.#
###########.####'###.###.#
∩........'...'.(...'.∩##÷#


You could see a gargoyle.

Vanquished Creatures
  2 centaur warriors (D)
  Sonja (D)
  2 unseen horrors (D)
  A deep troll (D)
  An oklob plant (D)
  2 kobold demonologists (D)
  4 demonic crawlers (D)
  A hornet (D)
  A slime creature (D)
  Sigmund (D)
  2 redbacks (D)
  A yak (D)
  2 floating eyes (D)
  7 necrophages (D)
  An ogre (D)
  8 jellies (D)
  Ijyb (D)
  2 ballistomycetes (D)
  A ballistomycete spore (D)
41 creatures vanquished.

Vanquished Creatures (others)
  A ballistomycete spore (D)
1 creature vanquished.

Grand Total: 42 creatures vanquished

Notes
Turn   | Place    | Note
-------+----------+-------------------------------------------
     0 | D        | poirepourri the Gargoyle Earth Elementalist began the quest for the Orb.
     0 | D        | Reached XP level 1. HP: 10/10 MP: 3/3
     2 | D        | Noticed Ijyb
    10 | D        | Killed Ijyb
    10 | D        | Reached skill level 6 in Earth Magic
    10 | D        | Reached XP level 2. HP: 13/15 MP: 0/7
    10 | D        | Reached XP level 3. HP: 17/19 MP: 0/8
   158 | D        | Learned a level 2 spell: Passwall
   162 | D        | Learned a level 3 spell: Stone Arrow
   167 | D        | Noticed an ogre
   171 | D        | Killed an ogre
   171 | D        | Reached skill level 1 in Transmutations
   171 | D        | Reached skill level 8 in Earth Magic
   171 | D        | Reached XP level 4. HP: 10/24 MP: 2/12
   356 | D        | Noticed Sigmund
   359 | D        | Killed Sigmund
   359 | D        | Reached skill level 10 in Earth Magic
   359 | D        | Reached XP level 5. HP: 28/28 MP: 8/16
   359 | D        | Reached XP level 6. HP: 32/32 MP: 8/17
   464 | D        | Learned a level 4 spell: Petrify
   470 | D        | Learned a level 5 spell: Lee's Rapid Deconstruction
   481 | D        | Found a deep blue altar of Sif Muna.
   483 | D        | Found a radiant altar of Vehumet.
   487 | D        | Reached skill level 11 in Earth Magic
   651 | D        | Found Rexusiwn's Antique Armour Emporium.
   651 | D        | Found an ancient bone altar of Kikubaaqudgha.
   651 | D        | Found a hazy altar of Hepliaklqana.
   651 | D        | Found a stormy altar of Qazlal.
   651 | D        | Found a hide-covered altar of Uskayaw.
   651 | D        | Found a blossoming altar of Fedhas.
   651 | D        | Found a bloodstained altar of Trog.
   651 | D        | Found an iron altar of Okawaru.
   651 | D        | Found a basalt altar of Yredelemnul.
   651 | D        | Found a glowing golden altar of the Shining One.
   651 | D        | Found a snail-covered altar of Cheibriados.
   651 | D        | Found a sacrificial altar of Ru.
   651 | D        | Found a glowing silver altar of Zin.
   651 | D        | Found a shadowy altar of Dithmenos.
   651 | D        | Found a white marble altar of Elyvilon.
   651 | D        | Noticed a yak
   654 | D        | Killed a yak
   654 | D        | Reached skill level 12 in Earth Magic
   654 | D        | Reached XP level 7. HP: 36/36 MP: 20/20
   656 | D        | Found an opulent altar of Gozag.
   658 | D        | Became a worshipper of Vehumet
   661 | D        | Found a sparkling altar of Nemelex Xobeh.
   687 | D        | Bought a pair of boots for 85 gold pieces
   687 | D        | Bought a wizard robe for 108 gold pieces
   699 | D        | Identified the +2 robe of Lilacs {Int+2} (You bought it in a shop in the Dungeon)
   709 | D        | Noticed Sonja
   712 | D        | Killed Sonja
   712 | D        | Reached skill level 1 in Conjurations
   712 | D        | Reached skill level 13 in Earth Magic
   712 | D        | Reached XP level 8. HP: 41/41 MP: 23/23
   785 | D        | Found Jinnos's Weapon Boutique.
   805 | D        | Noticed a deep troll
   808 | D        | Killed a deep troll
   808 | D        | Reached skill level 14 in Earth Magic
   819 | D        | Found Uboggepn's Armour Emporium.
   870 | D        | Noticed a centaur warrior
   872 | D        | Noticed a centaur warrior
   882 | D        | Killed a centaur warrior
   882 | D        | Reached * piety under Vehumet
   882 | D        | Offered knowledge of Freeze by Vehumet.
   882 | D        | Reached skill level 15 in Earth Magic
   882 | D        | Reached XP level 9. HP: 22/45 MP: 17/26
   884 | D        | Killed a centaur warrior
   884 | D        | Reached skill level 16 in Earth Magic
  1158 | D        | Noticed a hornet
  1162 | D        | Killed a hornet
  1193 | D        | Found a burning altar of Makhleb.
  1193 | D        | Found a shimmering altar of Xom.
  1198 | D        | Offered knowledge of Sting by Vehumet.
  1198 | D        | Reached ** piety under Vehumet
  1198 | D        | Reached skill level 15 in Spellcasting
  1308 | D        | Learned a level 1 spell: Sting
  1308 | D        | Found a viscous altar of Jiyva.
  1308 | D        | Found a corrupted altar of Lugonu.
  1411 | D        | Noticed a kobold demonologist
  1412 | D        | Noticed a kobold demonologist
  1413 | D        | Noticed an orange demon
  1413 | D        | Killed a kobold demonologist
  1413 | D        | Reached XP level 10. HP: 50/50 MP: 29/29
  1413 | D        | Offered knowledge of Inner Flame by Vehumet.
  1415 | D        | Killed a kobold demonologist
  1525 | D        | Noticed an oklob plant
  1530 | D        | Killed an oklob plant
  1530 | D        | Reached *** piety under Vehumet
  1595 | D        | Offered knowledge of Throw Icicle by Vehumet.
  1677 | D        | Reached **** piety under Vehumet
  1680 | D        | Killed an unseen horror
  1680 | D        | Reached skill level 17 in Earth Magic
  1692 | D        | Reached ***** piety under Vehumet
  1756 | D        | Offered knowledge of Iskenderun's Mystic Blast by Vehumet.
  1791 | D        | Killed an unseen horror
  1791 | D        | Reached skill level 1 in Fighting
  1791 | D        | Reached skill level 5 in Conjurations
  1887 | D        | Reached ****** piety under Vehumet
  1887 | D        | Reached XP level 11. HP: 56/56 MP: 22/32
  1961 | D        | Found Fedim's Weapon Shoppe.
  1962 | D        | Found Soamul's Antique Weapon Shop.
  1962 | D        | Found Eweawym's Gadget Boutique.
  1963 | D        | Found Derauwne's Gadget Boutique.
  1963 | D        | Found Ugeg Zoh's Weapon Emporium.
  1964 | D        | Found Utir Buf's Distillery.
  1985 | D        | Found Paholo's Food Emporium.
  1985 | D        | Found Atioruirey's Magic Scroll Shop.
  1985 | D        | Found Qukereho's Distillery.
  1985 | D        | Found Mumez's Book Boutique.
  1985 | D        | Found Ypawnof's Book Emporium.
  1985 | D        | Found Makochiz's Food Shop.
  1985 | D        | Found Vuup's Book Shoppe.
  1989 | D        | Found Tyhareag's Armour Boutique.
  1992 | D        | Bought 2 slices of pizza for 33 gold pieces
  1992 | D        | Bought a slice of pizza for 16 gold pieces
  1992 | D        | Bought a meat ration for 55 gold pieces
  1992 | D        | Bought a meat ration for 55 gold pieces
  1994 | D        | Bought a potion of beneficial mutation for 490 gold pieces
  2006 | D        | Bought a potion of beneficial mutation for 385 gold pieces
  2006 | D        | Bought a potion of heal wounds for 55 gold pieces
  2006 | D        | Bought a potion of resistance for 110 gold pieces
  2050 | D        | Gained mutation: Your spells are a little harder to cast, but a little more powerful. [potion of beneficial mutation]
  2051 | D        | Gained mutation: You are partially covered in yellow scales. (AC +2) [potion of beneficial mutation]
  2366 | D        | Offered knowledge of Conjure Ball Lightning by Vehumet.
  2377 | D        | Reached skill level 18 in Earth Magic
  2377 | D        | Killed from afar by a gargoyle

Vault maps used:
D:        dungeon_sprint_1

Skill      XL: |  1  2  3  4  5  6  7  8  9 10 11 |
---------------+----------------------------------+-----
Spellcasting   | 4 6 8 9 11 13 15 17 | 17.7
Earth Magic    | 6 8 10 12 13 15 16 17 18 | 18.0
Transmutations | 1 |  1.3
Conjurations   | 1 2 3 5 |  5.6
Fighting       | 1 |  1.9
Dodging        | 2 |  2.1
Stealth        | |  2.1

Action                   |  1- 3 |  4- 6 |  7- 9 | 10-12 || total
-------------------------+-------+-------+-------+-------++-------
Melee: Staff             |       |       |       |    13 ||    13
 Cast: Sandblast         |     8 |     5 |     8 |    19 ||    40
       Stone Arrow       |     1 |     3 |    10 |    38 ||    52
       Lee's Rapid Decon |       |       |     2 |     9 ||    11
  Use: Potion            |     1 |       |       |     3 ||     4
       Scroll            |       |       |       |     7 ||     7
  Eat: Bread ration      |       |       |     1 |       ||     1
       Pizza             |       |       |       |     2 ||     2
Armor: Robe              |       |       |     2 |    30 ||    32
Dodge: Dodged            |     1 |     2 |     4 |    27 ||    34
